 Dungeon Crawl Stone Soup version 0.17-a0-1637-g5d65775 (webtiles) character file.

605 Malak the Magician (level 7, -7/36 HPs)
             Began as a Deep Elf Summoner on Aug 7, 2015.
             Was a Follower of Sif Muna.
             Shot with a poisoned arrow by a centaur (8 damage)
             ... on level 5 of the Dungeon.
             The game lasted 00:40:52 (4257 turns).

Malak the Magician (Deep Elf Summoner)              Turns: 4257, Time: 00:40:52

Health: -7/36      AC:  6    Str:  5    XL:     7   Next: 19%
Magic:  4/20       EV: 17    Int: 22    God:    Sif Muna [*.....]
Gold:   229        SH:  0    Dex: 18    Spells: 5 memorised, 7 levels left

rFire  + . .     SeeInvis .     I - +2 quarterstaff (chaos)
rCold  + + .     Clarity  .     G - +1 robe {rC+ rF+}
rNeg   . . .     SustAt   .     (no shield)
rPois  .         Gourm    .     (no helmet)
rElec  .         Spirit   .     J - +1 cloak
rCorr  .         Warding  .     E - +0 pair of gloves {Dex+3}
rMut   .         Stasis   .     (no boots)
MR     .....                    (no amulet)
Stlth  +++.......               k - ring of protection from cold
                                m - +3 ring of evasion

@: lethally poisoned (-7 -> -42), not resistant to hostile enchantments, fairly
stealthy
A: no striking features
a: Channel Energy, Renounce Religion


You were on level 5 of the Dungeon.
You worshipped Sif Muna.
Sif Muna was aware of your devotion.
You were not hungry.

You visited 2 branches of the dungeon, and saw 6 of its levels.

You collected 229 gold pieces.

Inventory:

Hand weapons
 d - a +1 blowgun
 q - a +3 spear
 y - a +0 vampiric long sword
 I - a +2 quarterstaff of chaos (weapon)
Missiles
 f - 8 needles of confusion
 g - 16 poisoned needles
 x - 2 curare-tipped needles
Armour
 D - a +0 pair of gloves
 E - a +0 pair of gloves of dexterity (worn)
 G - a +1 robe of resistance (worn)
 J - a +1 cloak (worn)
Jewellery
 k - a ring of protection from cold (right hand)
 m - a +3 ring of evasion (left hand)
Scrolls
 e - 9 scrolls of identify
 i - a scroll of remove curse
 l - a scroll of teleportation
 p - a scroll of enchant armour
 s - a scroll of immolation
 u - 3 scrolls of magic mapping
 B - a scroll of noise {unknown}
 C - a scroll of recharging {unknown}
 F - a scroll of fear {unknown}
Potions
 a - a potion of heal wounds {unknown}
 n - 2 potions of agility {unknown}
 o - 3 potions of resistance {unknown}
 r - 2 potions of lignification {unknown}
 t - a potion of might {unknown}
 v - a potion of brilliance {unknown}
 z - a potion of invisibility {unknown}
 H - 2 potions of flight {unknown}
Books
 b - a book of Callings

   Spells                             Type                      Level
   a - Summon Small Mammal            Summoning                    1
   b - Call Imp                       Summoning                    2
   c - Call Canine Familiar           Summoning                    3
   d - Summon Guardian Golem          Hexes/Summoning              3
   e - Summon Lightning Spire         Summoning/Air                4
   f - Summon Ice Beast               Ice/Summoning                4
Comestibles
 c - 4 bread rations
 h - 2 beef jerkies
 w - 5 fruits


   Skills:
 - Level 0.2 Fighting
 + Level 3.0 Dodging
 + Level 3.1 Stealth
 + Level 7.5 Spellcasting
 + Level 6.9 Summonings
 + Level 1.3 Air Magic


You had 7 spell levels left.
You knew the following spells:

 Your Spells              Type           Power        Failure   Level  Hunger
a - Summon Small Mammal   Summ           ####         1%          1    None
b - Call Imp              Summ           #####...     1%          2    None
c - Call Canine Familiar  Summ           #####...     1%          3    None
d - Summon Lightning Spi  Summ/Air       ####....     17%         4    ###....
e - Summon Ice Beast      Ice/Summ       ###.....     21%         4    ###....


Dungeon Overview and Level Annotations

Branches:
Dungeon (5/15)             Temple (1/1) D:4

Altars:
Ashenzari
Cheibriados
Dithmenos
Elyvilon
Fedhas
Ru
Sif Muna
Trog
Zin
The Shining One

Shops:
D:4 [   D:5 *


Message History

Okay, then.
* * * LOW HITPOINT WARNING * * *
You feel sick.
Your hound bites the orc.
The orc dies!
Your crimson imp hits the centaur but does no damage.
The centaur shoots a poisoned arrow.
The poisoned arrow hits you.
* * * LOW HITPOINT WARNING * * *
You are more poisoned.
Your crimson imp hits the centaur but does no damage.
Things that are here:
2 poisoned arrows; 6 gold pieces
Casting: Call Imp
Confirm with . or Enter, or press ? or * to list all spells.
Aiming: Summon Lightning Spire
Press: ? - help, Dir - move target cursor An electric hum fills the air.
* * * LOW HITPOINT WARNING * * *
You feel very sick.
The centaur shoots a poisoned arrow.
The poisoned arrow hits you!
You die...

##.##....# #.#
#####..#....# ..
#..........## ..#
#.####......# ##.
#####..##.#####..
#.##.##### ..# ##
##..## #.# ..#
#...# #.### #...
##.###
#@..###..). #.##
#.8)(5..... ###
##.)hc5....
##(.(#####
#((#..# ###
##.##..#
#.####.## #.#
##..#..# .## #.
##...## #..
###..###.


You could see a centaur, a friendly lightning spire, a friendly hound and 2
friendly crimson imps.

Vanquished Creatures
  2 hounds (D:5)
  A worm (D:4)
  An orc (D:5)
  2 bats
  A goblin (D:1)
  2 hobgoblins (D:1)
  A giant newt (D:4)
  A rat (D:1)
11 creatures vanquished.

Vanquished Creatures (collateral kills)
  3 phantoms
  An ogre (D:4)
  The ghost of tsouns the Insei, an average OpTm (D:3)
  Blork the orc (D:4)
  2 centaurs (D:5)
  A hound (D:5)
  Crazy Yiuf (D:4)
  A jelly (D:5)
  A giant frog skeleton (D:5)
  4 worker ants
  Terence (D:2)
  A hound skeleton (D:5)
  5 adders
  An adder skeleton (D:4)
  A worm (D:4)
  7 giant geckos
  10 orcs
  2 ball pythons
  6 bats
  3 giant cockroaches (D:1)
  8 goblins
  5 hobgoblins
  2 kobolds (D:3)
  3 quokkas
  2 giant newts
  3 jackals (D:3)
  8 rats
84 creatures vanquished.

Vanquished Creatures (others)
  An orc wizard (D:5)
1 creature vanquished.

Grand Total: 96 creatures vanquished

Notes
Turn   | Place    | Note
--------------------------------------------------------------
     0 | D:1      | Malak the Deep Elf Summoner began the quest for the Orb.
     0 | D:1      | Reached XP level 1. HP: 10/10 MP: 6/6
   345 | D:1      | Reached XP level 2. HP: 15/15 MP: 2/8
   350 | D:1      | Learned a level 2 spell: Call Imp
  1020 | D:2      | Noticed Terence
  1023 | D:2      | Reached skill level 5 in Summonings
  1027 | D:2      | Killed Terence
  1027 | D:2      | Reached XP level 3. HP: 19/19 MP: 1/10
  1136 | D:2      | Learned a level 3 spell: Call Canine Familiar
  1178 | D:2      | Found a faded altar to an unknown god.
  1441 | D:3      | Found a white marble altar of Elyvilon.
  1849 | D:3      | Noticed tsouns's ghost (average OpTm)
  1884 | D:3      | Killed tsouns's ghost
  1884 | D:3      | Reached XP level 4. HP: 13/24 MP: 0/12
  1890 | D:3      | Learned a level 4 spell: Summon Lightning Spire
  2190 | D:4      | Found a staircase to the Ecumenical Temple.
  2194 | Temple   | Entered the Ecumenical Temple
  2209 | Temple   | Became a worshipper of Sif Muna the Loreminder
  2282 | D:4      | Noticed a phantom
  2321 | D:4      | Killed a phantom
  2321 | D:4      | Reached skill level 5 in Spellcasting
  2321 | D:4      | Reached XP level 5. HP: 17/28 MP: 6/14
  2361 | D:4      | Found Unnoz's Antique Armour Boutique.
  2392 | D:4      | Noticed an ogre
  2415 | D:4      | Killed an ogre
  2510 | D:4      | Noticed Blork the orc
  2518 | D:4      | Killed Blork the orc
  2518 | D:4      | Reached skill level 6 in Spellcasting
  2688 | D:4      | Noticed a phantom
  2775 | D:4      | Killed a phantom
  2775 | D:4      | Reached skill level 1 in Air Magic
  2775 | D:4      | Reached XP level 6. HP: 25/32 MP: 5/17
  2810 | D:4      | Noticed a moth of wrath
  2813 | D:4      | Found a bloodstained altar of Trog.
  3023 | D:4      | Noticed Crazy Yiuf
  3026 | D:4      | Killed Crazy Yiuf
  3026 | D:4      | Acquired Sif Muna's first power
  3156 | D:5      | Entered Level 5 of the Dungeon
  3186 | D:5      | Found a glowing golden altar of the Shining One.
  3365 | D:5      | Found Zeanoq's General Store.
  3545 | D:5      | Reached skill level 7 in Spellcasting
  3867 | D:5      | Reached XP level 7. HP: 36/36 MP: 17/19
  3873 | D:5      | Learned a level 4 spell: Summon Ice Beast
  4088 | D:5      | Found a blossoming altar of Fedhas.
  4257 | D:5      | HP: 1/36 [poisoned by a centaur]
  4257 | D:5      | Shot with a poisoned arrow by a centaur

Vault maps used:
D:1:      zelgadis_glass_arrival_small
D:2:      ecumenical_altar_1, uniq_terence
D:3:      lemuel_round_altar, kennysheep_crisscross
D:4:      serial_shops, shop, tgw_trog, uniq_crazy_yiuf_cottage,
          uniq_blork_the_orc
D:5:      tso_metal_star, fedhas_bush_and_centaur_altar, serial_shops,
          kennysheep_mini, first_bread
Temple:   water_room_temple_b_12

Action                   |  1- 3 |  4- 6 |  7- 9 || total
-------------------------+-------+-------+-------++-------
Melee: Unarmed           |     1 |       |       ||     1
       Short sword       |    35 |       |       ||    35
       Spear             |       |     7 |       ||     7
       Quarterstaff      |       |     7 |     3 ||    10
 Cast: Summon Small Mamm |    20 |     1 |       ||    21
       Call Imp          |    28 |    25 |     7 ||    60
       Call Canine Famil |    10 |    18 |     2 ||    30
       Summon Lightning  |       |     5 |     3 ||     8
  Use: Scroll            |     2 |     5 |       ||     7
       Potion            |     2 |       |       ||     2
 Stab: Sleeping          |     1 |     1 |       ||     2
  Eat: Chunk             |     4 |     8 |     1 ||    13
